 Dungeon Crawl Stone Soup version 0.18.1-50-g88ac8fd (webtiles) character file.

283 Holeefuk the Chopper (level 6, -12/47 HPs)
             Began as a Formicid Fighter on Oct 7, 2016.
             Mangled by Pikel
             ... wielding a +2 whip of electrocution
              (19 damage)
             ... on level 4 of the Dungeon.
             The game lasted 00:09:09 (2911 turns).

Holeefuk the Chopper (Formicid Fighter)             Turns: 2911, Time: 00:09:10

Health: -12/47     AC:  8    Str: 25    XL:     6   Next: 54%
Magic:  6/6        EV:  9    Int:  8    God:
Gold:   149        SH: 10    Dex: 12    Spells: 0 memorised, 5 levels left

rFire  . . .     SeeInvis +     a - +0 war axe
rCold  . . .     Gourm    .     b - +0 scale mail
rNeg   . . .     Faith    .     c - +0 shield
rPois  .         Spirit   .     (helmet unavailable)
rElec  .         Dismiss  .     s - +0 cloak
rCorr  .         Reflect  .     (no gloves)
SustAt .         Harm     .     (no boots)
MR     .....                    (no amulet)
Stlth  ..........               (no ring)
                                (no ring)

@: mighty, not resistant to hostile enchantments, extremely unstealthy
A: permanent stasis, dig shafts and tunnels, four strong arms, antennae 3
a: Dig, Shaft Self


You were on level 4 of the Dungeon.
You were hungry.

You visited 1 branch of the dungeon, and saw 4 of its levels.

You collected 149 gold pieces.

Inventory:

Hand Weapons
 a - a +0 war axe (weapon)
 w - a +0 hand axe
Armour
 b - a +0 scale mail (worn)
 c - a +0 shield (worn)
 s - a +0 cloak (worn)
Scrolls
 e - 2 scrolls of magic mapping {unknown}
 g - a scroll of immolation {unknown}
 h - a scroll of enchant weapon {unknown}
 k - a scroll of enchant armour {unknown}
 l - 2 scrolls of identify {unknown}
 m - 2 scrolls of fog {unknown}
 n - 3 scrolls of blinking {unknown}
 o - 2 scrolls of noise {unknown}
 q - 5 scrolls of teleportation {unknown}
 t - 4 scrolls of remove curse {unknown}
Potions
 d - 2 potions of might
 j - a potion of degeneration {unknown}
 r - 2 potions of heal wounds {unknown}
 u - a potion of cure mutation {unknown}
 x - a potion of berserk rage {unknown}
 z - a potion of flight {unknown}
Comestibles
 f - 4 bread rations
 i - a slice of pizza
 p - 4 fruits
 v - a royal jelly
 A - a meat ration


   Skills:
 - Level 3.2 Fighting
 + Level 5.4 Axes
 - Level 3.2 Armour
 - Level 2.7 Dodging
 - Level 3.7 Shields


You had 5 spell levels left.
You didn't know any spells.

Dungeon Overview and Level Annotations

Branches:
Dungeon (4/15)
 Temple: D:4-7

Altars:
Fedhas
Qazlal
Ru
Trog

Annotations:
D:3 AshitakaSan's ghost, amateur MiFi
D:4 Pikel


Innate Abilities, Weirdness & Mutations

You are under a permanent stasis effect.
You can dig through walls and to a lower floor.
Your four strong arms can wield two-handed weapons with a shield.
You have a pair of large antennae on your head (SInv).


Message History

You extend your mandibles.
You dig through the rock wall.
You are feeling hungry.
You dig through the rock wall.
Drink which item? (? for menu, Esc to quit)
Okay, then.
Drink which item? (? for menu, Esc to quit)
You feel very mighty all of a sudden.
You retract your mandibles.
You barely miss Pikel. You block Pikel's attack. x2
You barely miss Pikel. Pikel hits you but does no damage.
You closely miss Pikel.
Pikel hits you with a whip of electrocution.
You closely miss Pikel. Pikel hits you but does no damage.
You are electrocuted!
* * * LOW HITPOINT WARNING * * *
You barely miss Pikel.
Pikel hits you with a whip of electrocution.
* * * LOW HITPOINT WARNING * * *
You are electrocuted!
You die...

#.# .. ... .. .
#.#..# ..# #.#..#
.{ ..#..#
.###.##.#..# .
...{{......##..
###.{......
#@#.....###
+#######K.....#
..............#
########......#
######......#
######...........#
#................#
#.......#'###....#
#..................


You could see Pikel.

Vanquished Creatures
  The ghost of CountDeLaPain the Conjurer, a weakling DrCj (D:4)
  An orc priest (D:3)
  An orc wizard (D:4)
  Robin (D:2)
  2 adders (D:2)
  3 gnolls (D:4)
  An ooze (D:1)
  2 worms (D:2)
  A dart slug (D:2)
  2 giant geckos
  14 orcs
  A ball python (D:2)
  6 bats
  2 giant cockroaches
  11 hobgoblins
  10 jackals
  10 kobolds
  3 quokkas
  4 giant newts
  18 goblins
  6 rats
100 creatures vanquished.

Notes
Turn   | Place    | Note
--------------------------------------------------------------
     0 | D:1      | Holeefuk the Formicid Fighter began the quest for the Orb.
     0 | D:1      | Reached XP level 1. HP: 18/18 MP: 1/1
    93 | D:1      | Reached XP level 2. HP: 11/24 MP: 2/2
   283 | D:1      | Reached skill level 3 in Axes
   360 | D:1      | Reached XP level 3. HP: 26/29 MP: 3/3
   941 | D:2      | Found a stormy altar of Qazlal.
  1013 | D:2      | Reached skill level 4 in Axes
  1013 | D:2      | Reached XP level 4. HP: 35/35 MP: 4/4
  1191 | D:2      | Noticed Robin
  1203 | D:2      | Reached skill level 1 in Dodging
  1207 | D:2      | Killed Robin
  1225 | D:2      | Reached XP level 5. HP: 35/41 MP: 5/5
  1503 | D:3      | Noticed AshitakaSan's ghost (amateur MiFi)
  1582 | D:3      | Found a blossoming altar of Fedhas.
  1824 | D:3      | Found a sacrificial altar of Ru.
  2296 | D:3      | Found a bloodstained altar of Trog.
  2415 | D:4      | Noticed an air elemental
  2416 | D:4      | Found a stormy altar of Qazlal.
  2418 | D:4      | Noticed a water elemental
  2418 | D:4      | Noticed a fire elemental
  2435 | D:4      | Reached XP level 6. HP: 7/47 MP: 6/6
  2848 | D:4      | Reached skill level 5 in Axes
  2849 | D:4      | Noticed CountDeLaPain's ghost (weakling DrCj)
  2866 | D:4      | Killed CountDeLaPain's ghost
  2898 | D:4      | Noticed Pikel
  2911 | D:4      | Mangled by Pikel

Skill      XL: |  1  2  3  4  5  6 |
---------------+-------------------+-----
Axes           | 3 4 5 |  5.4
Dodging        | 1 2 |  2.7
Fighting       | |  3.2
Armour         | |  3.2
Shields        | |  3.7

Action                   |  1- 3 |  4- 6 || total
-------------------------+-------+-------++-------
Melee: War axe           |   107 |   191 ||   298
 Abil: Dig               |     2 |     7 ||     9
  Use: Potion            |       |     1 ||     1
  Eat: Chunk             |     1 |     6 ||     7
Armor: Scale mail        |    43 |   101 ||   144
Dodge: Dodged            |    28 |    82 ||   110
Block: Shield            |    55 |   114 ||   169
